Map: Echo LE (Void)

Players

XoRanger - Winner!

  • Race: Protoss Protoss
  • League: Silver
  • Spawn Location: 5:00

Amix

  • Race: Zerg Zerg
  • League: Platinum
  • Spawn Location: 11:00

VOD

Have the link to the VOD?

Description

Time

  • Played on: Nov. 28, 2016, 12:53 p.m.
  • Length: 13:44
Show
View Real Time Build Order
Export as new Build Order

XoRanger Protoss - Winner!

Build Orders:  

Get SALT Encoding   

  12  0:01  Probe (Chrono Boost)  
  13  0:11  Probe (Chrono Boost)  
  14  0:22  Probe (Chrono Boost), Pylon  
  15  0:40  Probe (Chrono Boost)  
  16  0:43  Forge  
  16  1:18  Pylon  
  16  1:20  Pylon  
  16  1:23  Pylon  
  16  1:42  Photon Cannon  
  16  1:47  Nexus  
  16  1:56  Pylon  
  16  2:12  Gateway  
  16  2:27  Pylon  
  16  2:29  Probe (Chrono Boost)  
  17  2:30  Assimilator  
  17  2:32  Assimilator  
  17  2:40  Probe (Chrono Boost), Pylon  
  18  2:50  Probe (Chrono Boost)  
  19  2:56  Photon Cannon  
  19  3:04  Cybernetics Core  
  19  3:09  Probe (Chrono Boost)  
  20  3:19  Probe (Chrono Boost)  
  22  3:27  Photon Cannon  
  22  3:31  Photon Cannon  
  21  3:36  Probe (Chrono Boost)  
  23  3:43  Probe (Chrono Boost)  
  23  3:47  Probe (Chrono Boost)  
  24  3:54  Probe (Chrono Boost)  
  25  4:00  Warp Gate  
  26  4:04  Probe (Chrono Boost)  
  26  4:06  Zealot  
  26  4:09  Probe (Chrono Boost)  
  29  4:10  Assimilator  
  29  4:15  Mothership Core (Chrono Boost)  
  31  4:20  Probe (Chrono Boost)  
  32  4:27  Photon Cannon  
  32  4:30  Probe (Chrono Boost)  
  33  4:35  Probe (Chrono Boost)  
  34  4:41  Probe (Chrono Boost)  
  35  4:51  Pylon  
  35  4:55  Stargate  
  35  5:01  Probe (Chrono Boost)  
  35  5:02  Probe (Chrono Boost)  
  35  5:03  Pylon  
  37  5:12  Probe x2 (Chrono Boost)  
  39  5:22  Probe (Chrono Boost)  
  39  5:26  Probe (Chrono Boost), Pylon  
  41  5:38  Probe (Chrono Boost), Stargate  
  41  5:41  Probe (Chrono Boost)  
  41  5:42  Void Ray  
  47  5:49  Probe (Chrono Boost)  
  48  5:51  Assimilator  
  48  5:52  Probe (Chrono Boost)  
  49  6:00  Probe (Chrono Boost)  
  49  6:03  Pylon  
  50  6:10  Pylon  
  49  6:15  Photon Cannon  
  49  6:19  Pylon  
  53  6:26  Void Ray (Chrono Boost)  
  53  6:33  Void Ray (Chrono Boost), Pylon  
  53  6:34  Probe (Chrono Boost)  
  53  6:36  Probe (Chrono Boost)  
  59  6:45  Stargate  
  60  6:47  Probe (Chrono Boost)  
  60  6:53  Probe (Chrono Boost)  
  61  7:07  Probe  
  61  7:08  Probe  
  67  7:14  Void Ray x2 (Chrono Boost)  
  71  7:17  Probe  
  71  7:19  Pylon  
  84  7:51  Void Ray (Chrono Boost)  
  84  7:55  Void Ray (Chrono Boost)  
  84  7:57  Void Ray (Chrono Boost)  
  73  8:23  Probe  
  72  8:29  Void Ray (Chrono Boost)  
  68  8:45  Void Ray (Chrono Boost)  
  59  8:54  Probe  
  59  8:55  Probe  
  52  9:06  Probe  
  52  9:07  Probe  
  52  9:11  Void Ray (Chrono Boost)  
  52  9:15  Pylon  
  55  9:17  Probe  
  55  9:19  Probe  
  55  9:21  Stalker  
  56  9:31  Probe  
  56  9:33  Probe  
  61  9:43  Probe, Void Ray (Chrono Boost)  
  61  9:44  Probe  
  61  10:04  Mothership Core  
  63  10:07  Probe  
  64  10:17  Adept  
  64  10:18  Probe  
  65  10:25  Probe  
  66  10:28  Probe  
  67  10:37  Probe  
  67  10:39  Probe  
  67  10:40  Assimilator  
  73  10:46  Void Ray (Chrono Boost)  
  73  10:49  Probe x2  
  75  11:00  Probe  
  75  11:01  Probe  
  77  11:05  Void Ray (Chrono Boost)  
  85  11:11  Void Ray (Chrono Boost)  
  85  11:15  Probe  
  85  11:16  Probe  
  87  11:25  Probe  
  87  11:28  Probe  
  89  11:36  Probe  
  90  11:46  Void Ray (Chrono Boost)  
  98  11:51  Void Ray (Chrono Boost)  
  98  11:53  Probe  
  102  11:54  Probe, Void Ray (Chrono Boost)  
  102  11:57  Nexus  
  102  12:00  Pylon  
  102  12:35  Photon Cannon  
  102  12:38  Assimilator  
  102  12:39  Probe  
  102  12:40  Probe  
  102  12:42  Assimilator  
  104  12:46  Pylon  
  104  12:47  Pylon  
  104  12:49  Probe  
  105  12:52  Probe  
  105  12:56  Void Ray (Chrono Boost)  
  118  13:01  Void Ray x2 (Chrono Boost)  
Show
View Real Time Build Order
Export as new Build Order

Amix Zerg 

Build Orders: Hatch First 

Get SALT Encoding   

  12  0:01  Drone  
  13  0:09  Drone  
  14  0:17  Overlord  
  14  0:26  Drone, Extractor  
  14  0:35  Drone x2  
  17  0:54  Hatchery  
  17  0:57  Drone  
  17  1:01  Extractor  
  17  1:02  Drone  
  17  1:20  Spawning Pool  
  17  1:23  Drone  
  17  1:24  Drone  
  18  1:32  Drone  
  19  1:40  Drone  
  20  1:55  Evolution Chamber  
  20  1:58  Drone  
  20  1:59  Drone  
  22  2:21  Hatchery  
  21  2:28  Zergling x2  
  22  2:41  Hatchery  
  21  2:57  Drone  
  22  2:59  Overlord x2  
  22  3:17  Queen  
  23  3:31  Zerg Melee Weapons Level 1, Extractor  
  22  3:36  Zergling x8  
  28  3:50  Drone  
  29  3:59  Pneumatized Carapace  
  26  4:12  Zergling x8  
  26  4:13  Zergling x6  
  26  4:15  Metabolic Boost  
  26  4:16  Hatchery  
  32  4:17  Queen  
  27  4:55  Zergling x4  
  27  4:56  Zergling x8  
  27  4:58  Queen x2  
  37  5:16  Zergling x4  
  39  5:22  Zergling x4  
  41  5:33  Queen, Zergling x6  
  46  5:42  Drone x3  
  49  5:52  Overlord x2  
  49  5:58  Queen  
  46  6:22  Queen x2  
  50  6:28  Drone x3  
  50  6:29  Drone x3  
  56  6:55  Zergling x12  
  56  6:56  Zergling x4  
  64  7:14  Zergling x4  
  62  7:37  Overlord x7  
  62  7:38  Overlord  
  42  8:47  Zergling x18  
  42  8:48  Zergling x10  
  51  9:00  Queen, Zergling x6  
  56  9:22  Zergling x2  
  56  9:23  Zergling x10  
  58  9:40  Spore Crawler  
  58  9:41  Spore Crawler  
  54  9:49  Spore Crawler  
  32  10:24  Zergling x18  
  39  10:34  Queen  
  43  10:40  Lair  
  37  11:05  Zergling x12  
  37  11:06  Zergling x4  
  40  11:50  Hydralisk Den  
  24  12:33  Drone x5  
  29  12:42  Hydralisk x3, Spore Crawler x4  
  29  12:43  Spore Crawler  
  30  12:52  Hydralisk  
Tags
 
Add a new tag
Caveats
  • Supply blocks, unpowered buildings, or Contaminate may cause inaccurate times.
  • Supply counts are checked every 10 seconds.